 Dungeon Crawl Stone Soup version 0.21-a0-49-g7bf2ba4 (webtiles) character file.

7051 TheOrbIsALie the Martial Artist (level 10, -2/84 HPs)
             Began as a Demonspawn Monk on June 9, 2017.
             Was a Priest of Kikubaaqudgha.
             Slain by a yak (14 damage)
             ... on level 9 of the Dungeon.
             The game lasted 00:26:24 (11006 turns).

TheOrbIsALie the Martial Artist (Demonspawn Monk)  Turns: 11006, Time: 00:26:25

Health: -2/84      AC:  9    Str: 12    XL:     10   Next: 83%
Magic:  5/10       EV: 11    Int: 13    God:    Kikubaaqudgha [***...]
Gold:   550        SH:  0    Dex: 17    Spells: 3/9 levels left

rFire    . . .     SeeInvis .     - Unarmed
rCold    + . .     Gourm    +   (no shield)
rNeg     . . .     Faith    .   p - +0 ring mail
rPois    .         Spirit   .   y - +0 helmet
rElec    .         Reflect  .   (no cloak)
rCorr    .         Harm     .   (no gloves)
MR       +....                  (no boots)
Stlth    ++........             A - amulet of the gourmand
Regen    0.3/turn               s - ring of protection from magic
MPRegen  0.2/turn               v - ring of stealth

@: no status effects
A: claws 2, rugged brown scales 2, cold resistance 1, foul stench 1, rot
immunity
a: Receive Corpses, Renounce Religion


You were on level 9 of the Dungeon.
You worshipped Kikubaaqudgha.
Kikubaaqudgha was most pleased with you.
You were very full.

You visited 2 branches of the dungeon, and saw 10 of its levels.

You collected 550 gold pieces.

Inventory:

Armour
 a - a +0 robe
 p - a +0 ring mail (worn)
 y - a +0 helmet (worn)
Jewellery
 s - a ring of protection from magic (left claw)
 v - a ring of stealth (right claw)
 A - an amulet of the gourmand (around neck)
 D - an uncursed ring of fire
Wands
 n - a wand of confusion (21/48)
 q - a wand of polymorph (11/24)
 F - a wand of disintegration (11/24)
 H - a wand of lightning (3/15)
Scrolls
 d - 10 scrolls of teleportation
 e - 8 scrolls of remove curse
 g - 3 scrolls of amnesia
 i - a scroll of noise {unknown}
 m - a scroll of fog
 r - a scroll of recharging {unknown}
 t - 4 scrolls of identify
 w - a scroll of blinking {unknown}
 z - 4 scrolls of enchant armour {unknown}
 C - a scroll of fear {unknown}
Potions
 c - 2 potions of might {unknown}
 h - 3 potions of ambrosia
 j - a potion of haste
 k - a potion of heal wounds {unknown}
 l - 2 potions of flight {unknown}
 x - 2 potions of magic {unknown}
 B - a potion of agility {unknown}
 G - 2 potions of invisibility {unknown}
Books
 u - Kikubaaqudgha's Papyrus of Dark Rites
   (Kikubaaqudgha gifted it to you on level 6 of the Dungeon)

   Spells                             Type                      Level
   a - Animate Skeleton               Necromancy                   1
   b - Corpse Rot                     Necromancy                   2
   c - Sublimation of Blood           Necromancy                   2
   d - Vampiric Draining              Necromancy                   3
   e - Control Undead                 Necromancy                   4
 E - Kikubaaqudgha's Incunabulum of Darkness
   (Kikubaaqudgha gifted it to you on level 8 of the Dungeon)

   Spells                             Type                      Level
   a - Animate Dead                   Necromancy                   4
   b - Excruciating Wounds            Charms/Necromancy            5
   c - Bolt of Draining               Conjuration/Necromancy       5
   d - Dispel Undead                  Necromancy                   5
   e - Death Channel                  Necromancy                   6
Comestibles
 b - 7 bread rations
 f - 3 fruits
 o - 9 royal jellies


   Skills:
 - Level 8.2 Fighting
 - Level 4.1 Armour
 - Level 2.6 Dodging
 - Level 1.7 Stealth
 - Level 11.3 Unarmed Combat
 + Level 7.8 Necromancy


You had 3 spell levels left.
You knew the following spells:

 Your Spells              Type           Power        Failure   Level  Hunger
a - Corpse Rot            Necr           N/A          4%          2    ###....
b - Animate Dead          Necr           N/A          26%         4    #####..


Dungeon Overview and Level Annotations

Branches:
Dungeon (9/15)             Temple (1/1) D:6
   Lair: D:8-11         Orc: D:9-12

Altars:
Ashenzari
Cheibriados
Dithmenos
Elyvilon
Fedhas
Gozag
Hepliaklqana
Kikubaaqudgha
Makhleb
Nemelex Xobeh
Okawaru
Qazlal
Ru
Sif Muna
Trog
Uskayaw
Vehumet
Wu Jian
Xom
Yredelemnul
Zin
The Shining One


Innate Abilities, Weirdness & Mutations

You have very sharp fingernails.
You are mostly covered in rugged brown scales. (AC +2, +5% HP)
Your flesh is cold resistant. (rC+)
You may emit foul miasma when damaged in melee.
You are immune to rotting.


Message History

You start resting.
Eating one of 4 chunks of flesh.
You eat one of the 4 chunks of flesh.
This raw flesh tastes great.
Eating one of 3 chunks of flesh.
You eat one of the 3 chunks of flesh.
This raw flesh tastes great.
Eating one of 2 chunks of flesh.
You eat one of the 2 chunks of flesh.
This raw flesh tastes great.
Eating a chunk of flesh.
You eat the chunk of flesh.
This raw flesh tastes great.
Unknown command.
You barely miss the yak. You claw the yak!
The yak is heavily wounded.
The yak gores you!
* * * LOW HITPOINT WARNING * * *
The yak looks sick.
You emit a cloud of foul miasma!
You completely miss the yak.
The yak is heavily wounded.
The yak is engulfed in dark miasma.
The yak is poisoned.
The yak gores you!
You die...
Kikubaaqudgha rasps: "You have failed me!
Welcome... death!"

... .........(.# ###
####...Y...#
#.....(.# ####รท####
#.# ##)# #..#
##.######
####..Y@...#
##..........#
#####.)##.......#
#####...))###.......#
......##### #.......#
.###### #....<..# .#
#.......# ##
#.......# #.......#


You could see a yak.

Vanquished Creatures
  2 two-headed ogres (D:9)
  A queen bee (D:9)
  A hippogriff (D:8)
  Grinder (D:5)
  3 yaks (D:9)
  A hungry ghost (D:8)
  A water moccasin (D:9)
  2 black bears
  3 orc warriors
  A sky beast (D:7)
  A hornet zombie (D:7)
  2 ice beasts
  5 phantoms
  5 ogres
  4 centaurs
  3 bullfrogs
  5 scorpions
  15 killer bees
  4 howler monkeys (D:8)
  6 crimson imps
  A quasit (D:5)
  2 orc priests
  2 hounds (D:4)
  3 jellies
  A gnoll shaman (D:5)
  A bullfrog skeleton (D:8)
  An iguana (D:8)
  4 worker ants
  Ijyb (D:4)
  10 orc wizards
  2 hound zombies
  A hound skeleton (D:7)
  9 gnolls (D:5)
  12 adders
  3 oozes
  An adder zombie (D:7)
  A worm (D:4)
  2 dart slugs
  4 leopard geckos
  35 orcs
  5 ball pythons
  3 giant cockroaches
  9 goblins
  8 hobgoblins
  11 jackals
  7 kobolds
  8 quokkas
  8 bats
  5 frilled lizards
  A quokka skeleton (D:9)
  A quokka zombie (D:5)
  6 rats
234 creatures vanquished.

Notes
Turn   | Place    | Note
-------+----------+-------------------------------------------
     0 | D:1      | TheOrbIsALie the Demonspawn Monk began the quest for the Orb.
     0 | D:1      | Reached XP level 1. HP: 18/18 MP: 1/1
    72 | D:1      | Reached skill level 3 in Unarmed Combat
   278 | D:1      | Gained mutation: Your flesh is cold resistant. (rC+) [demonic ancestry]
   278 | D:1      | Reached XP level 2. HP: 14/24 MP: 2/2
   923 | D:1      | Gained mutation: You have sharp fingernails. [demonic ancestry]
   923 | D:1      | Reached XP level 3. HP: 29/29 MP: 3/3
  1458 | D:2      | Reached skill level 4 in Unarmed Combat
  1464 | D:2      | Found a faded altar of an unknown god.
  2383 | D:3      | Noticed an ogre
  2403 | D:3      | Killed an ogre
  2403 | D:3      | Reached skill level 5 in Unarmed Combat
  2403 | D:3      | Gained mutation: You are immune to rotting. [demonic ancestry]
  2403 | D:3      | Reached XP level 4. HP: 26/35 MP: 4/4
  2403 | D:3      | Gained mutation: You are partially covered in rugged brown scales. (AC +1, +3% HP) [demonic ancestry]
  2403 | D:3      | Reached XP level 5. HP: 26/42 MP: 5/5
  3099 | D:3      | Found a snail-covered altar of Cheibriados.
  3369 | D:4      | Noticed Ijyb
  3370 | D:4      | Paralysed by Ijyb for 3 turns
  3377 | D:4      | Paralysed by Ijyb for 7 turns
  3390 | D:4      | Killed Ijyb
  3390 | D:4      | Reached skill level 6 in Unarmed Combat
  3511 | D:4      | Gained mutation: You are mostly covered in rugged brown scales. (AC +2, +5% HP) [demonic ancestry]
  3511 | D:4      | Reached XP level 6. HP: 13/49 MP: 6/6
  3752 | D:4      | Noticed a two-headed ogre
  4185 | D:5      | Entered Level 5 of the Dungeon
  4408 | D:5      | Noticed Grinder
  4423 | D:5      | Killed Grinder
  4423 | D:5      | Reached skill level 7 in Unarmed Combat
  4423 | D:5      | Gained mutation: You may emit foul miasma when damaged in melee. [demonic ancestry]
  4423 | D:5      | Reached XP level 7. HP: 33/54 MP: 7/7
  4806 | D:5      | Found a stormy altar of Qazlal.
  4834 | D:5      | Reached skill level 8 in Unarmed Combat
  5525 | D:6      | Reached skill level 9 in Unarmed Combat
  5525 | D:6      | Reached XP level 8. HP: 28/60 MP: 8/8
  5875 | D:6      | Found an ancient bone altar of Kikubaaqudgha.
  5876 | D:6      | Found a hazy altar of Hepliaklqana.
  5889 | D:6      | Became a worshipper of Kikubaaqudgha
  5889 | D:6      | Reached * piety under Kikubaaqudgha
  5889 | D:6      | Identified Kikubaaqudgha's Papyrus of Dark Rites (Kikubaaqudgha gifted it to you on level 6 of the Dungeon)
  5889 | D:6      | Received a gift from Kikubaaqudgha
  5889 | D:6      | Reached ** piety under Kikubaaqudgha
  5894 | D:6      | Learned a level 2 spell: Corpse Rot
  6159 | D:6      | Found a staircase to the Ecumenical Temple.
  6230 | Temple   | Entered the Ecumenical Temple
  6642 | D:7      | Reached skill level 10 in Unarmed Combat
  6815 | D:7      | Found an ornate altar of the Wu Jian Council.
  7134 | D:7      | Reached skill level 11 in Unarmed Combat
  7134 | D:7      | Reached XP level 9. HP: 22/66 MP: 9/9
  7353 | D:7      | Found a sacrificial altar of Ru.
  7770 | D:7      | Reached skill level 1 in Necromancy
  8488 | D:8      | Reached skill level 5 in Necromancy
  9107 | D:8      | Reached *** piety under Kikubaaqudgha
  9107 | D:8      | Identified Kikubaaqudgha's Incunabulum of Darkness (Kikubaaqudgha gifted it to you on level 8 of the Dungeon)
  9107 | D:8      | Received a gift from Kikubaaqudgha
  9252 | D:8      | Reached skill level 5 in Fighting
  9592 | D:8      | Gained mutation: You have very sharp fingernails. [demonic ancestry]
  9592 | D:8      | Reached XP level 10. HP: 78/78 MP: 10/10
  9943 | D:9      | Noticed a two-headed ogre
  9955 | D:9      | Killed a two-headed ogre
 10364 | D:9      | Reached skill level 1 in Armour
 10913 | D:9      | Noticed a two-headed ogre
 10915 | D:9      | Noticed a two-headed ogre
 10933 | D:9      | Learned a level 4 spell: Animate Dead
 10980 | D:9      | Killed a two-headed ogre
 11006 | D:9      | Slain by a yak

Vault maps used:
D:1:      dpeg_arrival_connections, kennysheep_crisscross
D:2:      lemuel_upstairs_altar, chequers_ecumenical_altar_island
D:3:      old_standard_altar, first_bread, minivault_5
D:4:      uniq_ijyb
D:5:      grunt_qazlal_clouds, uniq_grinder
D:6:      gammafunk_temple_overflow_pools, temple_hall
D:7:      kennysheep_mini_moat, basic_altar
D:9:      david_nohive_1
Temple:   minmay_crystal_spiral_temple

Skill      XL: |  1  2  3  4  5  6  7  8  9 10 |
---------------+-------------------------------+-----
Unarmed Combat | 3 5 6 7 9 11 | 11.3
Necromancy     | 6 7 |  7.8
Fighting       | 5 8 |  8.2
Armour         | 4 |  4.1
Dodging        | |  2.6
Stealth        | |  1.7

Action                   |  1- 3 |  4- 6 |  7- 9 | 10-12 || total
-------------------------+-------+-------+-------+-------++-------
Melee: Unarmed           |   146 |   186 |   468 |   148 ||   948
       Punch             |     3 |     3 |    17 |     7 ||    30
 Cast: Corpse Rot        |       |       |     7 |     8 ||    15
Invok: Receive Corpses   |       |       |     2 |     3 ||     5
  Use: Potion            |     2 |     2 |       |     1 ||     5
       Scroll            |       |     4 |     1 |     2 ||     7
 Stab: Sleeping          |    12 |     2 |     9 |     3 ||    26
       Distracted        |       |       |     1 |     1 ||     2
  Eat: Chunk             |     5 |     6 |    32 |     9 ||    52
       Royal jelly       |       |       |     2 |       ||     2
Armor: Robe              |    14 |       |       |       ||    14
       Skin              |     7 |       |       |       ||     7
       Ring mail         |     4 |    61 |   139 |    44 ||   248
Dodge: Dodged            |    78 |    93 |   221 |    72 ||   464
